Map: El Dorado

Players

Jumy (ForJumy)

  • Race: Protoss Protoss
  • League: Grandmaster
  • Spawn Location: 5:00

GamerRichy - Winner!

  • Race: Terran Terran
  • League: Master
  • Spawn Location: 7:00

VOD

Have the link to the VOD?

Description

Time

  • Played on: Jan. 27, 2025, 5:59 p.m.
  • Length: 11:23
Show
View Real Time Build Order
Export as new Build Order

Jumy Protoss 

Build Orders: Blink Stalkers 

Get SALT Encoding   

  12  0:10  Pylon  
  12  0:12  Probe  
  13  0:24  Probe  
  14  0:30  Gateway  
  14  0:32  Probe  
  14  0:40  Probe  
  14  0:41  Assimilator  
  16  0:51  Probe  
  17  1:03  Probe  
  18  1:17  Cybernetics Core  
  19  1:18  Probe  
  19  1:20  Zealot  
  21  1:30  Probe  
  21  1:31  Pylon  
  22  1:42  Probe  
  22  1:43  Adept  
  25  1:54  Probe, Warp Gate  
  26  2:07  Probe  
  27  2:12  Adept  
  27  2:17  Nexus  
  29  2:25  Probe  
  30  2:34  Pylon  
  30  2:47  Probe  
  31  2:51  Adept  
  31  2:56  Assimilator  
  31  2:57  Twilight Council  
  33  2:59  Probe  
  34  3:11  Probe  
  33  3:15  Blink  
  31  3:23  Probe  
  31  3:26  Probe  
  32  3:33  Gateway  
  32  3:34  Probe  
  31  3:35  Probe  
  33  3:44  Gateway  
  33  3:45  Probe  
  33  3:48  Probe  
  34  3:50  Stalker  
  34  3:53  Probe  
  37  4:00  Probe  
  37  4:02  Probe  
  40  4:12  Probe  
  40  4:14  Probe  
  40  4:15  Stalker  
  44  4:24  Nexus, Probe  
  44  4:29  Stalker  
  44  4:31  Probe  
  48  4:36  Probe  
  49  4:40  Stalker  
  49  4:43  Probe  
  50  4:48  Probe  
  50  4:50  Stalker  
  53  4:54  Robotics Facility  
  53  4:55  Probe  
  54  5:04  Pylon  
  54  5:05  Pylon  
  54  5:14  Forge  
  54  5:22  Probe x2  
  54  5:25  Stalker x3  
  62  5:28  Shield Battery  
  62  5:32  Immortal  
  62  5:36  Probe  
  62  5:38  Probe  
  66  5:49  Sentry  
  68  5:50  Zealot x2  
  68  5:52  Probe  
  68  5:55  Probe  
  68  5:56  Probe  
  67  6:04  Probe  
  55  6:12  Stalker x3  
  55  6:13  Probe  
  55  6:14  Probe x2  
  54  6:22  Probe  
  54  6:25  Probe  
  54  6:26  Probe  
  54  6:30  Probe  
  56  6:35  Protoss Ground Armor Level 1  
  56  6:36  Gateway  
  56  6:37  Probe, Gateway  
  56  6:38  Gateway  
  56  6:39  Probe  
  59  6:40  Charge  
  59  6:42  Probe  
  60  6:49  Gateway  
  60  6:54  Probe  
  60  6:57  Probe  
  60  7:00  Gateway  
  62  7:01  Gateway  
  62  7:07  Probe  
  63  7:12  Warp Prism  
  63  7:13  Probe x2  
  67  7:19  Probe  
  67  7:20  Zealot x2  
  72  7:24  Pylon  
  72  7:25  Probe  
  72  7:29  Zealot  
  75  7:33  Zealot x3  
  75  7:36  Probe  
  82  7:41  Sentry  
  84  7:44  Pylon, Zealot x2  
  88  7:53  Immortal  
  88  7:58  Pylon x2  
  92  8:06  Probe  
  92  8:09  Zealot x4  
  92  8:12  Pylon  
  101  8:27  Zealot x5  
  101  8:28  Protoss Ground Armor Level 2  
  103  8:36  Zealot x4  
  96  8:50  Zealot x5  
  96  8:53  Probe  
  103  8:55  Nexus  
  99  9:10  Zealot x4  
  87  9:20  Zealot x5  
  87  9:29  Gateway  
  87  9:33  Dark Shrine  
  87  9:35  Probe, Pylon  
  88  9:40  Stalker x4  
  88  9:42  Zealot  
  88  9:45  Sentry, Probe  
  99  9:55  Zealot x3  
  87  10:08  Zealot x6  
  91  10:17  Zealot x2  
  91  10:18  Zealot  
  94  10:25  Zealot x2  
  78  10:32  Zealot x5  
  81  10:45  Dark Templar x2  
  85  10:50  Zealot x3  
  89  10:58  Zealot x5  
  74  11:13  Zealot x4  
Show
View Real Time Build Order
Export as new Build Order

GamerRichy Terran - Winner!

Build Orders: Reaper Expand 

Get SALT Encoding   

  12  0:00  SCV  
  13  0:12  SCV  
  14  0:17  Supply Depot  
  14  0:24  SCV  
  15  0:39  SCV  
  15  0:41  Barracks  
  16  0:45  Refinery  
  16  0:51  SCV  
  17  1:03  SCV  
  18  1:15  SCV  
  19  1:28  Orbital Command, Reaper  
  20  1:42  Command Center  
  21  1:54  SCV  
  21  1:55  Bunker  
  21  2:00  Barracks Reactor  
  21  2:06  SCV  
  22  2:10  Barracks  
  22  2:19  SCV, Supply Depot  
  23  2:30  Barracks  
  23  2:40  Marine x2  
  25  2:47  SCV  
  26  2:57  Engineering Bay  
  26  2:59  Barracks Tech Lab, Marine x2  
  26  3:00  SCV  
  28  3:17  Barracks Tech Lab, Marine x2  
  28  3:18  Stimpack  
  28  3:19  SCV  
  30  3:30  Marine  
  30  3:31  Terran Infantry Weapons Level 1  
  31  3:55  Supply Depot  
  31  3:58  Marine x4  
  31  3:59  SCV  
  35  4:03  Combat Shield  
  35  4:04  SCV  
  36  4:11  SCV  
  36  4:16  Supply Depot, Marine  
  41  4:17  Marauder  
  41  4:21  Marauder, Marine  
  41  4:23  SCV, Orbital Command  
  44  4:31  Supply Depot  
  44  4:34  Marine  
  44  4:35  SCV  
  46  4:39  Marine  
  49  4:46  Marauder x2  
  49  4:47  SCV  
  49  4:52  Marine  
  53  4:55  Missile Turret, SCV  
  53  4:57  Marine  
  53  4:59  SCV  
  56  5:06  Marine  
  56  5:07  Marine  
  57  5:08  SCV  
  57  5:10  Marine  
  57  5:11  SCV  
  57  5:12  Factory, Refinery  
  61  5:15  Marine  
  61  5:18  Refinery  
  61  5:20  SCV  
  63  5:23  SCV, Supply Depot  
  64  5:29  Marauder, Marine x2  
  64  5:32  SCV  
  69  5:35  SCV  
  69  5:39  Supply Depot  
  69  5:41  Marine  
  70  5:44  SCV  
  70  5:46  Supply Depot  
  70  5:48  Marauder  
  71  5:55  Marauder, Marine  
  70  6:03  Marine  
  67  6:09  Marauder  
  69  6:12  Marine  
  69  6:17  Marauder  
  69  6:18  SCV  
  69  6:22  Marine  
  69  6:24  Terran Infantry Armor Level 1  
  63  6:26  Command Center, SCV  
  63  6:31  Marauder  
  65  6:33  SCV  
  65  6:34  Marine  
  65  6:37  Factory Reactor  
  65  6:38  SCV, Starport  
  68  6:45  Marauder, SCV, Marine  
  72  6:50  SCV  
  72  6:51  Refinery  
  72  6:52  Concussive Shells  
  73  6:57  SCV  
  73  6:59  Marine  
  75  7:03  Marine  
  75  7:04  Marauder  
  75  7:08  SCV  
  79  7:09  Barracks  
  79  7:10  Barracks  
  79  7:12  SCV  
  79  7:14  Supply Depot  
  80  7:16  Supply Depot  
  80  7:18  Marine  
  80  7:19  Marauder  
  80  7:22  SCV  
  84  7:24  SCV  
  84  7:26  Factory Reactor  
  84  7:28  Marine  
  84  7:29  Marauder, Medivac  
  90  7:30  Medivac  
  90  7:36  SCV, Marine  
  94  7:45  SCV  
  94  7:46  Supply Depot  
  94  7:47  Supply Depot, Marine  
  94  7:48  Marauder, SCV  
  99  7:51  Marine  
  99  7:57  SCV  
  101  7:59  Barracks Tech Lab, Marine, Barracks Reactor  
  101  8:00  Medivac  
  101  8:03  Widow Mine  
  101  8:04  Widow Mine  
  108  8:08  Orbital Command  
  108  8:09  Marauder  
  108  8:10  Marine  
  108  8:11  Marauder  
  113  8:16  Medivac, SCV  
  113  8:17  SCV, Marine  
  118  8:23  Armory  
  118  8:24  Marine  
  118  8:26  Widow Mine  
  120  8:33  Widow Mine, Marine  
  120  8:34  Marauder, Marine  
  122  8:42  Marauder  
  122  8:43  SCV  
  122  8:45  Marine  
  122  8:46  SCV  
  126  8:52  Marauder  
  127  8:58  Marine  
  127  8:59  Marauder  
  127  9:00  Marine  
  129  9:03  SCV x2  
  129  9:04  Marauder  
  133  9:12  Marine  
  133  9:14  Marauder  
  133  9:18  SCV x2  
  133  9:22  Medivac x2  
  133  9:23  Widow Mine  
  139  9:27  Armory  
  139  9:28  Marine  
  139  9:30  SCV  
  140  9:32  Supply Depot  
  140  9:33  Supply Depot, Marine  
  140  9:37  Supply Depot  
  141  9:42  Marauder x2  
  141  9:45  Marauder, Marine x2  
  148  9:53  SCV  
  148  9:54  Widow Mine  
  148  9:56  Supply Depot, Marine  
  148  9:57  Medivac x2, Supply Depot  
  156  10:04  Marauder  
  154  10:12  Marauder, Marine  
  154  10:13  Marine x2  
  154  10:14  Marauder  
  150  10:17  Marine  
  150  10:18  Widow Mine  
  150  10:25  Marauder  
  146  10:29  Marine  
  146  10:32  Marine  
  146  10:33  Medivac  
  146  10:34  Marauder  
  146  10:35  Marauder  
  151  10:40  Marine  
  151  10:41  Marine  
  151  10:42  Medivac  
  155  10:44  Factory Reactor  
  155  10:46  Ghost Academy  
  155  10:47  Marauder  
  155  10:48  Marine  
  158  10:52  Missile Turret x2  
  158  10:55  Marauder  
  158  10:56  Marauder, Marine  
Tags
 
Add a new tag
Caveats
  • Supply blocks, unpowered buildings, or Contaminate may cause inaccurate times.
  • Supply counts are checked every 10 seconds.